 BcadrenCrawl: Boulder Brew version 0.06.7.3-54-gd1eba1defe (webtiles) character file.

Game seed: 7722468526405717830

79 iamserjio the Firebug (level 4, 0/3 HPs) Fairy Fire Elementalist. Began on Feb 11, 2024. Slain by a hobgoblin ... wielding a +0 club (1 damage) ... on level 1 of the Dungeon. The game lasted 00:01:48 (236 turns).

iamserjio the Firebug (Fairy Fire Elementalist)      Turns: 236, Time: 00:01:48

Health: 0/3        AC:  8    Str:  7    XL:     4 ^: 83
Magic:  3/3        EV: 22    Int: 18    God:
Gold:   7          SH:  0    Dex: 18    Spells: 8/9 levels left

rFire    . . .     Slash    +   a - ring of Robustness {AC+8 Str+5}
rCold    . . .     Pierce   +
rNeg     . . .     Bludgeon +
rCorr    . . .     Vision   .
rPois    .         rElec    .
MR       .....
HPRegen  0.11/turn
MPRegen  0.13/turn
Stlth    +.........

@: glowing, slow
A: tiny, no armour or weapons, only one jewelry slot, no melee attacks, fairy
magic, fairy shield, decreased potion and divine healing, unfitting armour,
flight, slowness 1, fairy light 1, insubstantial
a: Fly


You were on level 1 of the Dungeon.
You were not hungry.

You visited 1 branch of the dungeon, and saw 2 of its levels.

You collected 7 gold pieces.

Inventory:

Jewellery
 a - the ring of Robustness (around core) {AC+8 Str+5}
   (You acquired it on level 1 of the Dungeon)

   [ring of strength]

   It affects your AC (+8).
   It affects your strength (+5).
Scrolls
 c - a scroll of teleportation {@r3}
Potions
 d - 2 potions of brilliance
 e - a potion of agility
Comestibles
 b - a ration
 f - 10 chunks of flesh


   Skills:
 + Level 3.7 Dodging
 - Level 1.4 Stealth
 + Level 3.2 Spellcasting
 * Level 4.5 Fire Magic


You had 8 spell levels left.
You knew the following spells:

 Your Spells              Type           Power        Failure   Level  Hunger
a - Foxfire               Fire           19 (25)      2%          1    0-2

Your spell library contained the following spells:

 Spells                   Type           Power        Failure   Level  Hunger
 Searing Ray Fire 19 (50) 3% 2 22-62 Conjure Flame Fire 19 (100) 8% 3 62-122 Inner Flame Hex/Fire 11 (100) 19% 3 62-122 Sticky Flame Fire/Pois 11 (100) 52% 4 142-242 Fireball Fire           19 (200)     56%         5    262-422


Dungeon Overview and Level Annotations

Branches:
Dungeon (2/8)

Altars:


Innate Abilities, Weirdness & Mutations

You are too small to use any gear.
You can wear a single ring or amulet completely around your body.
You are incapable of melee of any kind.
Your magic reserves are extremely low but spells that normally cost one mana are free and all other spells cost one mana.
You are extremely frail but all attacks that strike you do exactly one damage.
The effect of potions and godly healing effects is reduced to match your tiny health and magic reserves.
You are able to fly continuously.
You cover ground slowly.
You exude a bright light in a small radius around yourself.
Your insubstantial form grants resistance to all physical attack and full immunity to sticky flames, nets and constriction. (rPhysical+)


Message History

Casting: Foxfire (safe; 2% risk of failure)
You conjure some foxfire!
The hobgoblin closely misses you.
The giant cockroach bites you but does no damage.
The foxfire hits the giant cockroach (4).
The foxfire hits the giant cockroach (5).
You kill the giant cockroach!
The hobgoblin hits you with a +0 club (4).
You have reached level 4!
You feel agile.
Casting: Foxfire (safe; 2% risk of failure)
You conjure some foxfire!
The hobgoblin hits you with a +0 club (1).
* * * LOW HITPOINT WARNING * * *
The hobgoblin misses you.
The foxfire hits the hobgoblin (2).
The foxfire hits the hobgoblin (3).
Casting: Foxfire (safe; 2% risk of failure)
You conjure some foxfire!
The hobgoblin hits you with a +0 club (5).
You die...

#.# #.# #.# ####.##
.###.....#
...#.....#######.
........*........
.#.#...@*.r...!..#
.......g.........#
.#.......†#####..##
###......#)$)#.... ..
#...)....#[!$#..# ##.#
#.#####[.#[)$#..#
.......#.....#####..#
.....#..#.##.........#..
...#....#.##............


You could see a hobgoblin (fast) and a rat.

Vanquished Creatures
  4 giant cockroaches (D:1)
  A sewer rat (D:1)
  A dart slug (D:1)
  2 bats (D:1)
  A goblin (D:1)
  A hobgoblin (D:1)
  2 kobolds (D:1)
  3 rats (D:1)
15 creatures vanquished.

Vanquished Creatures (others)
  55 foxfires
55 creatures vanquished.

Grand Total: 70 creatures vanquished

Notes
Turn   | Place    | Note
-------+----------+-------------------------------------------
     0 | D:1      | Identified a scroll of acquirement
     0 | D:1      | iamserjio the Fairy Fire Elementalist began the quest for
                  | the Orb.
     0 | D:1      | Reached XP level 1. HP: 3/3 MP: 3/3
    20 | D:1      | Acquired the ring of Robustness {AC+8 Str+5}
    21 | D:1      | Found the ring of Robustness {AC+8 Str+5}
    93 | D:1      | Reached XP level 2. HP: 3/3 MP: 3/3
   154 | D:1      | Reached skill level 4 in Fire Magic
   154 | D:1      | Reached XP level 3. HP: 3/3 MP: 3/3
   234 | D:1      | Reached XP level 4. HP: 2/3 MP: 3/3
   236 | D:1      | Slain by a hobgoblin

Illustrated notes

Levels and vault maps discovered:
D:1:      mrwooster_arrival_statue_2, layout_basic, minmay_hedge_maze,
          due_unseen_surprise, gup_sewer_entry_glass
D:2:      layout_sewer, elyvilon_altar_1, sewer_minmay_treatment, serial_park

Skill      XL: |  1  2 |
---------------+-------+-----
Dodging        | 3 |  3.7
Spellcasting   | 3 |  3.2
Fire Magic     | 4 |  4.5
Stealth        | |  1.4

Action                   |  1- 3 |  4- 6 || total
-------------------------+-------+-------++-------
 Cast: Foxfire           |    30 |     2 ||    32
  Use: Scroll            |     1 |       ||     1
Armor: Skin              |    17 |       ||    17
Dodge: Dodged            |    26 |     1 ||    27
